 Dungeon Crawl Stone Soup version 0.25-a0-1136-gc1285e62ab (webtiles) character file.

Game seed: 18096840118689049785, levelgen mode: deterministic

177570 Delarado the Warrior (level 18, -18/137 HPs)
             Began as a Formicid Fighter on May 23, 2020.
             Was a High Priest of Hepliaklqana.
             Demolished by a nagaraja
             ... wielding a +1 halberd of freezing
              (20 damage)
             ... on level 4 of the Snake Pit.
             The game lasted 02:08:21 (41617 turns).

Delarado the Warrior (Formicid Fighter)            Turns: 41617, Time: 02:08:22

Health: -18/137    AC: 21    Str: 33    XL:     18   Next: 84%
Magic:  25/25      EV:  7    Int: 14    God:    Hepliaklqana [*****.]
Gold:   1488       SH: 22    Dex: 13    Spells: 17/21 levels left

rFire    . . .     SeeInvis +   D - +6 flail of Cod Fide {elec, *Rage +Blink rElec rPois}
rCold    . . .     Gourm    .   X - +0 tower shield
rNeg     . . .     Faith    .   U - quicksilver dragon scales
rPois    +         Spirit   .   (helmet unavailable)
rElec    +         Reflect  .   R - +0 cloak
rCorr    .         Harm     .   J - +0 pair of gloves
MR       ++...                  M - +1 pair of boots {Stlth+}
Stlth    ++++......             y - amulet of the acrobat
HPRegen  0.32/turn              l - +6 ring of strength
MPRegen  0.19/turn              C - ring "Xeoxty" {+Fly Int+4 Dex+3}

@: lethally poisoned (-18 -> -19), constricted
A: permanent stasis, dig shafts and tunnels, four strong arms, reduced essence,
antennae 3
a: Dig, Shaft Self, Recall Ancestor, Ancestor Identity, Transference, Idealise,
Renounce Religion, Evoke Flight


You were on level 4 of the Snake Pit.
You worshipped Hepliaklqana.
Hepliaklqana was extremely pleased with you.
You were not hungry.

You visited 5 branches of the dungeon, and saw 27 of its levels.
You also visited: Sewer.

You collected 2972 gold pieces.
You spent 1484 gold pieces at shops.

Inventory:

Hand Weapons
 r - a +4 vorpal flail
 D - the +6 flail of Cod Fide (weapon) {elec, *Rage +Blink rElec rPois}
   (You found it on level 6 of the Dungeon)

   Occasionally, upon striking a foe, it will discharge some electrical energy
   and cause terrible harm.
   It insulates you from electricity.
   It protects you from poison.
   It lets you blink.
   It may make you go berserk in combat.
 Y - a +2 dire flail of protection
Missiles
 a - 5 throwing nets
 e - 107 stones (quivered)
 g - 94 poisoned darts
 s - 8 atropa-tipped darts
 S - 9 curare-tipped darts
 Z - 5 silver boomerangs
Armour
 z - the +0 plate armour "Pofikk" {+Inv MR+}
   (You bought it in a shop on level 12 of the Dungeon)

   It affects your resistance to hostile enchantments.
   It lets you turn invisible.
 J - a +0 pair of gloves (worn)
 M - a +1 pair of boots of stealth (worn)
 R - a +0 cloak (worn)
 U - quicksilver dragon scales (worn)
 X - a +0 tower shield (worn)
Jewellery
 b - an uncursed ring of positive energy
 i - a +6 ring of intelligence
 l - a +6 ring of strength (left hand)
 m - an uncursed ring of resist corrosion
 y - an amulet of the acrobat (around neck)
 C - the ring "Xeoxty" (right hand) {+Fly Int+4 Dex+3}
   (You found it in a sewer)

   [ring of flight]

   It affects your intelligence (+4).
   It affects your dexterity (+3).
   It lets you fly.
 G - a +4 ring of evasion
 I - an uncursed ring of protection from fire
 N - an uncursed ring of positive energy
 T - an uncursed ring of magical power
Wands
 n - a wand of polymorph (9)
 x - a wand of iceblast (6)
 F - a wand of digging (7)
 H - a wand of clouds (6)
 Q - a wand of paralysis (30)
Scrolls
 c - 3 scrolls of identify
 j - 11 scrolls of remove curse
 k - 3 scrolls of enchant armour
 t - 6 scrolls of enchant weapon
 w - a scroll of amnesia
 L - 5 scrolls of fog
 O - 4 scrolls of magic mapping
Potions
 d - 5 potions of might
 h - 2 potions of brilliance
 o - 9 potions of flight
 p - a potion of magic
 q - 5 potions of curing
 u - 3 potions of stabbing
 v - 7 potions of lignification
 A - 4 potions of mutation
 B - a potion of invisibility
 E - 3 potions of resistance
 K - 3 potions of ambrosia
 P - a potion of cancellation
Comestibles
 f - 35 rations


   Skills:
 + Level 16.5 Fighting
 - Level 14.0 Maces & Flails
 - Level 3.3 Throwing
 + Level 16.4 Armour
 - Level 8.0 Stealth
 - Level 15.0 Shields
 - Level 2.0 Spellcasting
 - Level 10.0 Translocations
 - Level 10.0 Invocations


You had 17 spell levels left.
You knew the following spells:

 Your Spells              Type           Power        Failure   Level  Hunger
a - Passage of Golubria   Tloc           N/A          4%          4    #####..

Your spell library contained the following spells:

 Spells                   Type           Power        Failure   Level  Hunger
 Gell's Gravitas          Tloc           ####......   1%          3    ####...
 Lesser Beckoning         Tloc           ####......   1%          3    ####...
 Teleport Other           Tloc           ####....     1%          3    ####...
 Shroud of Golubria       Chrm/Tloc      ###...       5%          2    ###....
 Animate Skeleton         Necr           N/A          28%         1    ##.....
 Corona                   Hex            #......      28%         1    ##.....
 Pain                     Necr           #...         28%         1    ##.....
 Summon Small Mammal      Summ           #...         28%         1    ##.....
 Call Imp                 Summ           #.......     41%         2    ###....
 Ensorcelled Hibernation  Hex/Ice        #.....       41%         2    ###....
 Call Canine Familiar     Summ           #.......     65%         3    ####...
 Confusing Touch          Hex            #.......     65%         3    ####...
 Dazzling Flash           Conj/Hex       #.....       65%         3    ####...
 Static Discharge         Conj/Air       #.......     65%         3    ####...
 Summon Guardian Golem    Hex/Summ       #.......     65%         3    ####...
 Tukima's Dance           Hex            #.......     65%         3    ####...
 Vampiric Draining        Necr           #.........   65%         3    ####...
 Animate Dead             Necr           N/A          96%         4    #####..
 Cause Fear               Hex            #.........   96%         4    #####..
 Petrify                  Tmut/Erth      #.......     96%         4    #####..
 Summon Ice Beast         Ice/Summ       #.......     96%         4    #####..
 Summon Lightning Spire   Summ/Air       #.......     96%         4    #####..
 Agony                    Necr           #.......     100%        5    ######.
 Bolt of Magma            Conj/Fire/Erth #.........   100%        5    ######.
 Iskenderun's Battlesphe  Conj/Chrm      #.......     100%        5    ######.
 Lightning Bolt           Conj/Air       #.........   100%        5    ######.
 Metabolic Englaciation   Hex/Ice        #.........   100%        5    ######.
 Silence                  Hex/Air        #.........   100%        5    ######.
 Yara's Violent Unravell  Hex/Tmut       #.........   100%        5    ######.
 Iron Shot                Conj/Erth      #.........   100%        6    #######
 Orb of Destruction       Conj           #.........   100%        7    #######
 Spellforged Servitor     Conj/Summ      #.........   100%        7    #######
 Discord                  Hex            #.........   100%        8    #######
 Ignition                 Fire           #.........   100%        8    #######
 Shatter                  Erth           #.........   100%        9    #######
 Tornado                  Air            #.........   100%        9    #######
 Blink                    Tloc           Unusable     N/A         2    N/A

Dungeon Overview and Level Annotations

Branches:
Dungeon (14/15)            Temple (1/1) D:4            Lair (6/6) D:9
 Shoals (0/4) Lair:2        Snake (4/4) Lair:2        Slime (0/5) Lair:5
    Orc (2/2) D:10            Elf (0/3) Orc:2        Vaults (0/5) D:13
  Sewer (visited)

Altars:
Ashenzari
Cheibriados
Dithmenos
Elyvilon
Fedhas
Gozag
Hepliaklqana
Kikubaaqudgha
Makhleb
Nemelex Xobeh
Okawaru
Qazlal
Ru
Sif Muna
Trog
Uskayaw
Vehumet
Wu Jian
Xom
Yredelemnul
Zin
The Shining One
Beogh

Shops:
D:6 *   D:10 [   D:12 [   D:14 (   Orc:2 **[[   Snake:3 [((

Portals:
Hell: Lair:6

Annotations:
D:8 exclusion: oklob plant
D:9 3 runed translucent doors


Innate Abilities, Weirdness & Mutations

You cannot be hasted, slowed, berserked, paralysed or teleported.
You can dig through walls and to a lower floor.
Your four strong arms can wield two-handed weapons with a shield.
You have a pair of large antennae on your head. (SInv)
Your life essence is reduced to manifest your ancestor. (-10% HP)


Message History

* * * LOW HITPOINT WARNING * * *
You sock the nagaraja! Lightning courses through the nagaraja!
You kill the nagaraja!
You feel sick. The nagaraja spits poison at you.
You block the splash of poison. The nagaraja constricts you.
You closely miss the nagaraja.
The nagaraja is moderately wounded.
You block the nagaraja's attack.
* * * LOW HITPOINT WARNING * * *
The nagaraja constricts you.
You hit the nagaraja. Lightning courses through the nagaraja!
The nagaraja is heavily wounded.
The nagaraja barely misses you.
* * * LOW HITPOINT WARNING * * *
The nagaraja constricts you.
You barely miss the nagaraja.
The nagaraja is heavily wounded.
The nagaraja hits you with a +1 halberd of freezing!!
You die...

##..###.......
#....#.............
#..##.............#..
#..##................
#..##...............(
#..#......#..........
#.............#.....(
#..)N..#..)........(.
#...@.............(#
##......###).[⌠....##
#.....##........#(.#
#....#......)[...(..
##....#..#[)...#....
#....#.............
###..#.............
####......(......
####...##...##


You could see a nagaraja (fast, catching breath).

Vanquished Creatures
  Rupert (D:13)
  Jorgrun (Snake:3)
  5 nagarajas
  Louise (D:14)
  Nessos (D:14)
  A dire elephant (Lair:6)
  Azrael (Orc:2)
  Snorg (Orc:1)
  Erolcha (D:13)
  11 naga warriors
  3 vault guards (D:13)
  6 hydras
  9 anacondas
  16 two-headed ogres
  5 centaur warriors
  2 catoblepae
  A death knight (D:14)
  4 death yaks (Lair:6)
  9 naga sharpshooters
  Sonja (Lair:6)
  5 shock serpents
  A deep elf knight (D:13)
  A fire crab (Lair:6)
  A sixfirhy (Lair:6)
  3 salamander mystics
  4 skeletal warriors (D:14)
  2 sea snakes (Snake:1)
  4 unseen horrors
  2 wizards
  8 naga ritualists
  3 deep elf magi
  Pikel (D:7)
  A necromancer (D:13)
  3 ugly things
  13 mana vipers
  2 manticores
  10 salamanders
  3 elephants (Lair:6)
  3 cyclopes
  A centaur zombie (D:14)
  13 naga magi
  A torpor snail (Lair:6)
  32 black mambas
  A smoke demon (Lair:6)
  A guardian serpent (Snake:2)
  An orange demon (Lair:6)
  2 molten gargoyles (Lair:5)
  9 spiny frogs
  4 rime drakes
  2 kobold demonologists (D:13)
  8 komodo dragons
  2 ice devils (Lair:6)
  2 polar bears (Lair:6)
  5 trolls
  7 blink frogs
  8 hippogriffs
  Sigmund (D:4)
  A wraith (D:12)
  A shadow (D:11)
  25 yaks
  5 wyverns
  3 fire elementals
  17 humans (D:13)
  4 basilisks
  2 hungry ghosts
  4 vampire mosquitoes (D:12)
  A steam dragon (D:9)
  Edmund (D:4)
  A warg (Orc:1)
  A soldier ant (D:13)
  22 nagas
  5 hell hounds
  10 porcupines
  10 water moccasins
  14 orc warriors
  A sky beast (D:13)
  Purgy (Sewer)
  An ice beast (D:11)
  2 black bears (D:9)
  A necrophage (D:10)
  A slave (D:7)
  An eye of draining (D:10)
  3 phantoms
  10 wolves
  24 ogres
  7 centaurs
  13 crocodiles
  3 big kobolds
  15 bullfrogs
  A water moccasin zombie (D:5)
  2 troll zombies (D:10)
  10 killer bees
  7 scorpions
  16 wights
  9 crimson imps
  5 lava snakes (Lair:5)
  A bullfrog zombie (D:10)
  A quasit (D:3)
  A bullfrog skeleton (D:6)
  3 hounds
  5 centaur skeletons
  A jelly (D:8)
  12 orc priests
  A gnoll shaman (D:8)
  3 hell rats (Lair:1)
  8 worker ants
  4 iguanas
  16 orc wizards
  5 ogre zombies (D:10)
  2 hound skeletons
  A worker ant zombie (D:5)
  Robin (D:4)
  10 gnolls
  3 river rats
  7 adders
  3 shadow imps
  2 oozes
  2 adder skeletons
  6 worms
  5 dart slugs
  3 leopard geckos
  62 orcs
  6 bats
  5 giant cockroaches
  21 goblins
  15 hobgoblins
  6 jackals
  3 quokkas
  6 frilled lizards
  5 goblin zombies (D:10)
  2 hobgoblin zombies (D:10)
  19 kobolds
  A leopard gecko skeleton (D:7)
  An orc skeleton (D:10)
  9 orc zombies (D:10)
  18 rats
795 creatures vanquished.

Vanquished Creatures (collateral kills)
  2 nagarajas
  4 ogre magi (Orc:2)
  A hydra (Lair:4)
  4 naga warriors
  A death yak (Lair:6)
  3 two-headed ogres (Orc:2)
  4 naga sharpshooters
  A shock serpent (Snake:1)
  A skeletal warrior (D:14)
  2 naga ritualists
  4 mana vipers
  A cyclops (D:12)
  2 ugly things
  An elephant (Lair:6)
  2 salamanders
  A centaur zombie (D:14)
  2 guardian serpents
  6 naga magi
  8 black mambas
  2 spiny frogs
  A yaktaur (D:13)
  2 freezing wraiths (D:14)
  2 red devils (Lair:6)
  4 komodo dragons
  2 trolls
  3 hippogriffs
  A human (D:13)
  14 yaks
  2 wraiths
  A basilisk (Lair:1)
  A two-headed ogre zombie (D:10)
  6 nagas
  3 water moccasins
  A porcupine (Lair:1)
  A slave (D:7)
  A black bear (D:13)
  6 orc warriors
  7 ogres
  A big kobold (D:8)
  2 crocodiles (Lair:6)
  6 bullfrogs
  5 wights
  A killer bee (D:12)
  An electric eel (Snake:1)
  A bullfrog zombie (D:5)
  A crimson imp (D:11)
  2 orc wizards (Orc:2)
  3 orc priests
  A hell rat (Lair:1)
  An iguana (D:5)
  2 worker ants
  A river rat (Lair:1)
  An adder (D:9)
  A shadow imp (D:6)
  A worm (D:5)
  15 orcs
  A quokka (D:5)
  A hobgoblin skeleton (D:10)
  2 hobgoblin zombies (D:10)
  4 kobolds
  2 orc skeletons (D:10)
  3 orc zombies (D:10)
  3 rats
  A fungus (Lair:6)
  A plant (Lair:6)
174 creatures vanquished.

Vanquished Creatures (others)
  10 knights
  An orc wizard (Orc:2)
  5 ancestors
  A bush (Lair:6)
  12 fungi
  14 plants
  21 toadstools (D:8)
64 creatures vanquished.

Grand Total: 1033 creatures vanquished

Notes
Turn   | Place    | Note
-------+----------+-------------------------------------------
     0 | D:1      | Delarado the Formicid Fighter began the quest for the Orb.
     0 | D:1      | Reached XP level 1. HP: 18/18 MP: 1/1
   326 | D:1      | Reached XP level 2. HP: 24/24 MP: 2/2
   547 | D:1      | Reached XP level 3. HP: 27/29 MP: 3/3
  1282 | D:2      | Reached XP level 4. HP: 26/35 MP: 4/4
  1733 | D:2      | Reached skill level 5 in Maces & Flails
  1733 | D:2      | Reached XP level 5. HP: 41/41 MP: 5/5
  2033 | D:2      | Found a stormy altar of Qazlal.
  2936 | D:3      | Found a snail-covered altar of Cheibriados.
  2937 | D:3      | Found a hide-covered altar of Uskayaw.
  2958 | D:3      | Found a shattered altar of Ashenzari.
  3123 | D:3      | Reached XP level 6. HP: 34/47 MP: 6/6
  3450 | D:4      | Identified the cursed +0 helmet "Ynoazxuosh" {Str+2}
  3450 | D:4      | Noticed Robin
  3658 | D:4      | Killed Robin
  3785 | D:4      | Noticed an ogre
  3793 | D:4      | Killed an ogre
  3932 | D:4      | Noticed Sigmund
  3972 | D:3      | Reached XP level 7. HP: 44/52 MP: 7/7
  4234 | D:4      | Found a staircase to the Ecumenical Temple.
  4242 | Temple   | Entered the Ecumenical Temple
  4755 | D:4      | Killed Sigmund
  4755 | D:4      | Reached XP level 8. HP: 39/58 MP: 8/8
  4900 | D:4      | Noticed Edmund
  4903 | D:4      | Found a hazy altar of Hepliaklqana.
  4916 | D:4      | Killed Edmund
  5080 | D:4      | Became a worshipper of Hepliaklqana the Forgotten
  5101 | D:4      | Found a shimmering blue altar of Sif Muna.
  5680 | D:5      | Entered Level 5 of the Dungeon
  5775 | D:5      | Noticed a moth of wrath
  5949 | D:5      | Reached * piety under Hepliaklqana
  5968 | D:5      | Got a polished dagger
  5969 | D:5      | Identified the cursed +0 dagger of Governance {flame, rElec
                  | rF+ Dex+6} (You found it on level 5 of the Dungeon)
  6386 | D:5      | Found a bloodstained altar of Trog.
  6575 | D:6      | Reached XP level 9. HP: 58/59 MP: 9/9
  6579 | D:6      | Reached skill level 10 in Maces & Flails
  6661 | D:6      | Reached skill level 5 in Fighting
  6733 | D:6      | Reached skill level 5 in Armour
  7056 | D:6      | Found Zin's Purification Station.
  7056 | D:6      | Found a glowing silver altar of Zin.
  7137 | D:6      | Found a glowing drain.
  7141 | Sewer    | Entered a sewer
  7160 | Sewer    | Noticed Purgy
  7174 | Sewer    | Killed Purgy
  7286 | Sewer    | Got a vibrating platinum ring
  7287 | Sewer    | Identified the ring "Xeoxty" {+Fly Int+4 Dex+3} (You found
                  | it in a sewer)
  7357 | D:6      | Found an opulent altar of Gozag.
  7665 | D:6      | Got an ichor-stained flail
  7666 | D:6      | Identified the +6 flail of Cod Fide {elec, *Rage +Blink
                  | rElec rPois} (You found it on level 6 of the Dungeon)
  8035 | D:6      | Reached XP level 10. HP: 51/72 MP: 10/10
  8371 | D:6      | Found a burning altar of Makhleb.
  8371 | D:6      | Found a radiant altar of Vehumet.
  8701 | D:7      | Noticed Pikel
  8969 | D:7      | Found an ornate altar of the Wu Jian Council.
  9029 | D:7      | Killed Pikel
  9029 | D:7      | Reached skill level 5 in Shields
  9070 | D:7      | Noticed a komodo dragon
  9079 | D:7      | Killed a komodo dragon
  9865 | D:8      | Reached ** piety under Hepliaklqana
  9866 | D:8      | Remembered your ancestor KillaMF as a knight
  9881 | D:8      | Found a blossoming altar of Fedhas.
  9902 | D:8      | Noticed an oklob plant
 10806 | D:9      | Reached skill level 1 in Invocations
 11088 | D:9      | Noticed a white ugly thing
 11097 | D:9      | Killed a white ugly thing
 11097 | D:9      | Reached XP level 11. HP: 80/80 MP: 12/12
 11160 | D:9      | Found a staircase to the Lair.
 11204 | D:9      | Found a runed translucent gate.
 11204 | D:9      | Found a runed translucent gate.
 11204 | D:9      | Found a runed translucent gate.
 11204 | D:9      | Noticed a white ugly thing
 11204 | D:9      | Noticed a green ugly thing
 11204 | D:9      | Noticed a white ugly thing
 11204 | D:9      | Noticed a red ugly thing
 11205 | D:9      | Noticed a glowing orange brain
 11520 | Lair:1   | Entered Level 1 of the Lair of Beasts
 11577 | Lair:1   | Got a scorched buckler
 11594 | Lair:1   | Identified the +0 buckler of the Little Devil {rPois rF-
                  | Regen+ Stlth-} (You found it on level 1 of the Lair of
                  | Beasts)
 11854 | Lair:1   | Reached skill level 10 in Fighting
 12298 | D:9      | Reached skill level 10 in Armour
 12621 | Lair:1   | Reached skill level 5 in Invocations
 12874 | Lair:2   | Reached *** piety under Hepliaklqana
 13116 | Lair:2   | Found a staircase to the Snake Pit.
 13244 | Lair:2   | Reached XP level 12. HP: 84/87 MP: 16/16
 13365 | Lair:2   | Found a staircase to the Shoals.
 13705 | Lair:2   | Noticed a four-headed hydra
 13719 | Lair:2   | Killed a four-headed hydra
 14176 | Lair:3   | Reached **** piety under Hepliaklqana
 14855 | Lair:4   | Noticed a five-headed hydra
 14865 | Lair:4   | Killed a five-headed hydra
 15472 | Lair:4   | Reached skill level 5 in Stealth
 15623 | Lair:4   | Learned a level 4 spell: Passage of Golubria
 15695 | Lair:4   | Reached skill level 1 in Translocations
 15695 | Lair:4   | Reached XP level 13. HP: 79/92 MP: 19/19
 16181 | Lair:4   | Noticed an eight-headed hydra
 16191 | Lair:4   | Killed an eight-headed hydra
 16812 | Lair:5   | Found a staircase to the Slime Pits.
 17930 | D:10     | Entered Level 10 of the Dungeon
 18026 | D:10     | Found Xegej's Antique Armour Emporium.
 18117 | D:10     | Noticed a centaur warrior
 18130 | D:10     | Killed a centaur warrior
 18481 | D:10     | Found a staircase to the Orcish Mines.
 18926 | D:11     | Reached skill level 5 in Translocations
 19464 | D:11     | Reached ***** piety under Hepliaklqana
 19796 | D:11     | Noticed a four-headed hydra
 19804 | D:11     | Killed a four-headed hydra
 20244 | D:12     | Found Nehaug's Antique Armour Boutique.
 20252 | D:12     | Bought a distressingly furry plate armour for 616 gold
                  | pieces
 20274 | D:11     | Identified the cursed +0 plate armour "Pofikk" {+Inv MR+}
                  | (You bought it in a shop on level 12 of the Dungeon)
 20450 | D:12     | Reached XP level 14. HP: 67/99 MP: 20/20
 20769 | D:12     | Found a shimmering altar of Xom.
 21213 | Orc:1    | Entered Level 1 of the Orcish Mines
 21213 | Orc:1    | Found a roughly hewn altar of Beogh.
 21397 | Orc:2    | Entered Level 2 of the Orcish Mines
 21400 | Orc:2    | Noticed Azrael
 21696 | Orc:2    | Found a staircase to the Elven Halls.
 21696 | Orc:2    | Noticed Snorg
 22306 | D:13     | Reached skill level 1 in Throwing
 22714 | D:13     | Noticed Erolcha
 22739 | D:13     | Killed Erolcha
 23033 | D:13     | Noticed Rupert
 23061 | D:13     | Killed Rupert
 23717 | D:13     | Reached XP level 15. HP: 91/108 MP: 21/21
 23999 | D:13     | Reached skill level 1 in Spellcasting
 24356 | D:13     | Found a gate to the Vaults.
 24668 | Lair:6   | Entered Level 6 of the Lair of Beasts
 25602 | Lair:6   | Noticed Sonja
 25609 | Lair:6   | Killed Sonja
 26758 | Lair:6   | Found a burning altar of Makhleb.
 27019 | Lair:6   | Found a gateway to Hell.
 27497 | D:14     | Noticed Louise
 27520 | D:14     | Killed Louise
 27714 | D:14     | Reached XP level 16. HP: 79/118 MP: 22/22
 27991 | D:14     | Noticed Nessos
 28001 | D:14     | Killed Nessos
 28095 | D:14     | Found Fifuo's Antique Weapon Shop.
 29129 | Orc:1    | Killed Snorg
 29346 | Orc:2    | Killed Azrael
 29346 | Orc:2    | Reached skill level 10 in Shields
 30235 | Orc:2    | Reached skill level 15 in Fighting
 30344 | Orc:2    | Reached skill level 15 in Armour
 30725 | Orc:2    | Found Rugakur's Assorted Antiques.
 30725 | Orc:2    | Found Iniokegg's Armour Emporium.
 30725 | Orc:2    | Found Irerho's General Store.
 30725 | Orc:2    | Found Qekh's Armour Boutique.
 30732 | Orc:2    | Bought a scroll of identify for 28 gold pieces
 30735 | Orc:2    | Bought quicksilver dragon scales for 840 gold pieces
 31135 | Orc:1    | You fall into a shaft and drop 1 floor!
 31288 | Snake:1  | Entered Level 1 of the Snake Pit
 31872 | Snake:1  | Reached XP level 17. HP: 127/127 MP: 23/23
 34024 | Snake:2  | HP: 4/127 [black mamba (8)]
 34025 | Snake:2  | You fall into a shaft and drop 1 floor!
 34717 | Snake:2  | Reached skill level 10 in Translocations
 36291 | Snake:3  | Found Lutiv's Weapon Shop.
 36296 | Snake:3  | Found Duips's Armour Shop.
 36298 | Snake:3  | Noticed Jorgrun
 36323 | Snake:3  | HP: 1/127 [Jorgrun/+0 vorpal quarterstaff (13)]
 36324 | Snake:3  | Killed Jorgrun
 36734 | Snake:3  | Found Niobumo's Antique Weapon Shop.
 36770 | Snake:3  | Reached skill level 15 in Shields
 36779 | Snake:3  | Reached XP level 18. HP: 85/134 MP: 20/24
 38351 | Snake:4  | Entered Level 4 of the Snake Pit
 38414 | Snake:4  | Reached skill level 10 in Invocations
 41613 | Snake:4  | HP: 5/137 [nagaraja/+0 halberd (6)]
 41616 | Snake:4  | HP: 2/137 [nagaraja/+1 halberd of freezing (2)]
 41617 | Snake:4  | Demolished by a nagaraja

Illustrated notes

Levels and vault maps discovered:
D:1:      ncdulo_smallfort, layout_loops_ring
D:2:      layout_loops_ring, lemuel_crystal_altar, first_ration
D:3:      layout_rooms, ashenzari_altar_1, gammafunk_temple_overflow_statue
D:4:      layout_layer_cave, lemuel_round_altar, kennysheep_mini_moat,
          minmay_temple_entry_glassed_door, uniq_sigmund, uniq_robin,
          uniq_edmund
D:5:      layout_basic, tgw_trog, minmay_between
D:6:      layout_loops_ring, grunt_temple_overflow_lords_of_destruction,
          zin_purify, nicolae_overflow_crystal_walls, gup_sewer_entry_bowl
D:7:      layout_cave_pools, old_standard_altar, uniq_pikel
D:8:      layout_layer_cave, tgw_fedhas
D:9:      layout_roguey, lair_entry_dummy,
          ploomutoo_gammafunk_ghost_potion_laboratory
D:10:     layout_loops_ring, zombieorc2_lemuel, serial_shops, shop,
          grunt_ogre_cave, kennysheep_nub
D:11:     layout_stronghold
D:12:     layout_roguey, serial_shops, nicolae_shop_statue_plus,
          lemuel_statue_altar
D:13:     layout_irregular_city, grunt_vaults_entry_tiered,
          minmay_increasing_density, uniq_rupert, uniq_erolcha
D:14:     layout_basic, serial_shops, nicolae_shop_trees, corexii_corridor_pit,
          uniq_louise, uniq_nessos
Temple:   jpeg_temple_island
Lair:1:   layout_cave_shapes, kennysheep_abandoned_house, grunt_megastairs_3,
          lemuel_fruit_tree
Lair:2:   layout_regular_city, minmay_shoals_entry_beasts,
          guppyfry_snake_entry_island
Lair:3:   layout_chaotic_city
Lair:4:   layout_cave_pods, enter_volcano_4, grunt_megastairs_4
Lair:5:   cheibrodos_magma_flow, layout_long_grid, slime_dummy
Lair:6:   evil_forest, layout_regular_city, uniq_sonja
Snake:1:  layout_layer_cave, drop_trap, serial_bayou_shore_a
Snake:2:  layout_chambers, grunt_megastairs_2
Snake:3:  layout_misc_corridors, serial_shops, nicolae_shop_waterfront,
          portal_ice_cave_entry_pillars_1, minmay_shop_star, uniq_jorgrun
Snake:4:  snake_pit, layout_cave_pods, minmay_shop_grove
Orc:1:    layout_caves, basic_altar
Orc:2:    st_orc_ogre_mass, layout_caves, serial_shops, bzr_entry_water,
          uniq_snorg, uniq_azrael

Skill      XL: |  1  2  3  4  5  6  7  8  9 10 11 12 13 14 15 16 17 18 |
---------------+-------------------------------------------------------+-----
Maces & Flails | 3 4 5 7 8 9 10 12 13 14 | 14.0
Fighting       | 4 7 9 10 11 13 15 16 | 16.5
Armour         | 7 9 10 11 13 15 16 | 16.4
Shields        | 7 9 11 15 | 15.0
Invocations    | 2 6 9 10 | 10.0
Stealth        | 5 8 |  8.0
Translocations | 1 6 7 8 10 | 10.0
Throwing       | 3 |  3.3
Spellcasting   | 2 |  2.0

Action                   |  1- 3 |  4- 6 |  7- 9 | 10-12 | 13-15 | 16-18 || total
-------------------------+-------+-------+-------+-------+-------+-------++-------
Melee: Flail             |    47 |    63 |   275 |   441 |   970 |  1031 ||  2827
       Whip              |    90 |   247 |       |       |       |       ||   337
Throw: Stone             |       |    40 |     2 |    11 |    13 |    21 ||    87
Invok: Ancestor Identity |       |       |     1 |       |       |       ||     1
       Recall Ancestor   |       |       |       |     1 |     2 |     1 ||     4
       Ancestor Life: Kn |       |       |       |     1 |       |       ||     1
       Transference      |       |       |       |     1 |     1 |     2 ||     4
       Idealise          |       |       |       |       |     5 |     1 ||     6
 Abil: Dig               |       |       |     3 |     2 |    10 |     8 ||    23
       Shaft Self        |       |       |       |       |       |     2 ||     2
Evoke: Wand              |       |       |       |       |     4 |     1 ||     5
  Use: Scroll            |       |     2 |     3 |    14 |    10 |     3 ||    32
       Potion            |       |       |       |       |       |     7 ||     7
 Stab: Distracted        |       |       |       |     3 |     6 |     7 ||    16
       Confused          |       |       |       |       |     2 |       ||     2
       Sleeping          |       |       |       |       |       |     6 ||     6
  Eat: Chunk             |     1 |     9 |    14 |    17 |    24 |    12 ||    77
       Ration            |       |       |       |     2 |     5 |    10 ||    17
Armor: Scale mail        |    42 |    77 |    29 |       |       |       ||   148
       Chain mail        |       |       |    41 |       |       |       ||    41
       Plate armour      |       |       |       |   161 |   303 |    54 ||   518
       Quicksilver drago |       |       |       |       |       |   169 ||   169
Dodge: Dodged            |    27 |    93 |    79 |   128 |   243 |   207 ||   777
Block: Kite shield       |    60 |   162 |   103 |   256 |   486 |       ||  1067
       Tower shield      |       |       |       |       |       |   893 ||   893

Table legend:
 A = Non-vault XP
 B = Vault XP
 C = Vault XP percentage of total XP
 D = Non-vault monster count
 E = Vault monster count
 F = Vault count percentage of total count
                 A         B        C        D         E       F
            +---------+---------+-------+---------+---------+-------
      Total |  160109 |   96316 |  37.6 |     699 |     266 |  27.6
            +---------+---------+-------+---------+---------+-------
        D:1 |      72 |       0 |   0.0 |      34 |       0 |   0.0
        D:2 |     133 |       0 |   0.0 |      25 |       0 |   0.0
        D:3 |     132 |       0 |   0.0 |      26 |       0 |   0.0
        D:4 |     675 |     428 |  38.8 |      21 |      15 |  41.7
        D:5 |     402 |      32 |   7.4 |      15 |       8 |  34.8
        D:6 |    2176 |      63 |   2.8 |      38 |       3 |   7.3
        D:7 |     892 |     617 |  40.9 |      14 |       1 |   6.7
        D:8 |    1233 |       0 |   0.0 |      38 |       0 |   0.0
        D:9 |    1798 |     270 |  13.1 |      24 |       1 |   4.0
       D:10 |    2544 |    1012 |  28.5 |      26 |      37 |  58.7
       D:11 |    7253 |       0 |   0.0 |      41 |       0 |   0.0
       D:12 |    5057 |       0 |   0.0 |      32 |       0 |   0.0
       D:13 |    9395 |   15599 |  62.4 |      32 |      35 |  52.2
       D:14 |   12355 |    2946 |  19.3 |      27 |       2 |   6.9
     Lair:1 |    1695 |    1939 |  53.4 |      11 |      20 |  64.5
     Lair:2 |    4993 |     948 |  16.0 |      21 |       3 |  12.5
     Lair:3 |    2969 |       0 |   0.0 |      15 |       0 |   0.0
     Lair:4 |    8454 |     186 |   2.2 |      30 |       2 |   6.2
     Lair:5 |    3054 |    1044 |  25.5 |      16 |       7 |  30.4
     Lair:6 |   18446 |   10891 |  37.1 |      49 |      27 |  35.5
    Snake:1 |   14619 |       0 |   0.0 |      26 |       0 |   0.0
    Snake:2 |   27406 |    2216 |   7.5 |      47 |       4 |   7.8
    Snake:3 |   25240 |    3040 |  10.7 |      43 |       1 |   2.3
    Snake:4 |    7175 |   29982 |  80.7 |      11 |      44 |  80.0
      Orc:1 |    1036 |    1412 |  57.7 |      16 |       3 |  15.8
      Orc:2 |     905 |   23557 |  96.3 |      21 |      47 |  69.1
      Sewer |       0 |     134 | 100.0 |       0 |       6 | 100.0
            +---------+---------+-------+---------+---------+-------
